 Dungeon Crawl Stone Soup version 0.31.0-11-ge490571c62 (webtiles) character file.

Game seed: 12690816289357195102

121642 jasper the Severer (level 16, -2/126 HPs)
             Began as a Vampire Berserker on Jan 31, 2024.
             Was the Champion of Trog.
             Slain by a naga
             ... wielding a +2 heavy trident
              (17 damage)
             ... on level 2 of the Snake Pit.
             The game lasted 00:49:17 (26097 turns).

jasper the Severer (Vampire Berserker)             Turns: 26097, Time: 00:49:18

Health: -2/126     AC: 38    Str: 20    XL:     16   Next: 32%
Magic:  16/16      EV: 11    Int: 10    God:    Trog [******]
Gold:   1733       SH:  5    Dex: 23    Spells: 15/15 levels left

rFire   + . .        u - +8 frozen axe "Frostbite" {freeze, freezing cloud, *Noise Fly rC+}
rCold   + . .        (shield currently unavailable)
rNeg    . . .        M - +8 plate armour of Indemnity {Dex+6}
rPois   +            n - +2 helmet
rElec   .            r - +2 cloak
rCorr   .            X - +2 pair of gloves
SInv    +            B - +2 pair of boots {Fly}
Will    +++..        W - amulet of reflection Stlth
                     y - ring of protection from fire
HPRegen 1.61/turn    L - ring of poison resistance
MPRegen 0.15/turn

%: reflection
@: strong-willed, flying, regenerating, hasted and slowed, constricted, studying
Armour
A: alive, fangs 3, see invisible, vampiric 2
a: Exsanguinate, Renounce Religion, Berserk, Trog's Hand, Brothers in Arms


You were on level 2 of the Snake Pit.
You worshipped Trog.
Trog was exalted by your worship.
You visited 4 branches of the dungeon, and saw 24 of its levels.
You also visited: Bailey and Ice Cave.

You collected 2348 gold pieces.
You spent 615 gold pieces at shops.

Inventory:

Hand Weapons
 h - a +0 morningstar
 i - a +1 antimagic executioner's axe
 u - the +8 frozen axe "Frostbite" (weapon) {freeze, freezing cloud, *Noise Fly rC+}
   (You found it in an ice cave)

   rC+:       It protects you from cold.
   Fly:       It grants you flight.
   *Noise:    It may make a loud noise when swung.
 Q - a +6 executioner's axe of venom
Missiles
 e - 6 atropa-tipped darts
 m - 226 stones
 x - 9 javelins
 J - 7 throwing nets
 N - 5 boomerangs (quivered)
Armour
 n - a +2 helmet (worn)
 r - a +2 cloak (worn)
 B - a +2 pair of boots of flying (worn)
 M - the +8 plate armour of Indemnity (worn) {Dex+6}
   (You acquired it in a bailey)

   Dex+6:     It affects your dexterity (+6).
 X - a +2 pair of gloves (worn)
Jewellery
 t - an amulet of the acrobat
 y - a ring of protection from fire (left hand)
 A - a ring of protection from cold
 L - a ring of poison resistance (right hand)
 W - an amulet of reflection (around neck)
 Y - a ring of protection from cold
Wands
 a - a wand of flame (37)
 b - a wand of charming (12)
 o - a wand of roots (33)
 q - a wand of digging (5)
 F - a wand of mindburst (5)
 U - a wand of quicksilver (6)
Scrolls
 j - a scroll of immolation
 p - a scroll of brand weapon
 s - 7 scrolls of teleportation
 v - 7 scrolls of poison
 z - 3 scrolls of enchant armour
 G - 2 scrolls of summoning
 H - 4 scrolls of fog
 K - a scroll of revelation
 P - 4 scrolls of identify
 V - 2 scrolls of vulnerability
 Z - a scroll of torment
Potions
 c - 9 potions of curing
 d - 7 potions of enlightenment
 f - 7 potions of might
 g - 4 potions of cancellation
 k - 6 potions of mutation
 l - 2 potions of haste
 w - 3 potions of ambrosia
 C - 3 potions of degeneration
 D - 2 potions of lignification
 E - a potion of invisibility
 I - 2 potions of magic
 O - 4 potions of brilliance
 R - 3 potions of attraction
 S - 4 potions of resistance
 T - 8 potions of heal wounds


   Skills:
 + Level 11.4 Fighting
 * Level 19.6 Axes
 - Level 5.0 Throwing
 + Level 12.7 Armour
 + Level 12.9 Dodging


You had 15 spell levels left.
You didn't know any spells.
Your spell library was empty.

Dungeon Overview and Level Annotations

Branches:
Dungeon (15/15)            Temple (0/1) D:6            Lair (5/5) D:10
  Swamp (0/4) Lair:2        Snake (2/4) Lair:2        Slime (0/5) Lair:4
    Orc (2/2) D:12            Elf (0/3) Orc:2        Vaults (0/5) D:13
 Depths (0/4) D:15         Bailey (visited)           IceCv (visited)

Altars:
Cheibriados
Fedhas
Kikubaaqudgha
Makhleb
Nemelex Xobeh
Okawaru
Qazlal
Ru
Trog
Vehumet
Yredelemnul
Jiyva

Shops:
D:7 ?*:(   D:9 (   Orc:2 *!=(

Annotations:
D:8 1 runed translucent door, dchavez06's ghost, novice HOMo
Lair:4 2 transporters, 1 runed translucent door, Odimp's ghost, journeyman KoWn
Snake:1 3 runed translucent doors, Bobbunny's ghost, journeyman DgSh


Innate Abilities, Weirdness & Mutations

Your natural rate of healing is accelerated.
You have razor-sharp teeth.
You have supernaturally acute eyesight. (SInv)
You are afflicted with vampirism and can become a bat while bloodless.


Message History

The naga hits you from afar with a +2 heavy trident!
* * * LOW HITPOINT WARNING * * *
The naga mage gestures at you while chanting.
The bolt of poison hits you but does no damage.
You resist. The naga mage constricts you.
* * * LOW HITPOINT WARNING * * *
Unknown command.
Okay, then.
You feel yourself speed up.
You feel very sick. The naga mage spits poison at you.
The splash of poison hits you.
You are more poisoned.
You resist.
* * * LOW HITPOINT WARNING * * *
The naga mage constricts you.
* * * LOW HITPOINT WARNING * * *
The naga hits you but does no damage. The naga mage loses its grip on you.
A naga comes into view. It is wielding a +0 short sword.
You feel better. The naga mage barely misses you. The naga mage grabs you.
The naga mage constricts you. The naga spits poison at you.
The splash of poison hits you but does no damage.
You resist. You block the naga mage's attack. The naga mage constricts you.
* * * LOW HITPOINT WARNING * * *
Unknown command.
You hit the naga mage but do no damage.
The naga mage is almost dead.
The naga mage no longer looks unusually strong.
The naga mage barely misses you.
The naga hits you from afar with a +2 heavy trident!
* * * LOW HITPOINT WARNING * * *
The naga mage hits you but does no damage.
The naga mage constricts you.
The naga mage hits you but does no damage.
Unknown command.
You feel better. The naga mage closely misses you.
The naga mage constricts you.
The naga hits you from afar with a +2 heavy trident!
You die...

........#
.....#..##
.....#...#
#.....N#
#.....N#
#...NNN#
#....NN#
######)##
#@N####
#.....#
#.....#
#.....#
#####.#
#.# #.#
#.#######
#.#..)..#


You could see a salamander, 2 naga magi and 5 nagas.

Vanquished Creatures
  Gastronok (D:10)
  An orc warlord (Orc:1)
  3 quicksilver oozes
  Azrael (Orc:1)
  An ettin (Orc:2)
  5 vault guards (D:13)
  5 hydras
  A sphinx zombie (D:15)
  An ogre mage (D:15)
  5 centaur warriors
  4 boulder beetles
  7 two-headed ogres
  A catoblepas (Lair:3)
  A sphinx skeleton (D:15)
  2 naga warriors (Snake:2)
  7 orc high priests
  17 death yaks
  A tengu warrior (D:15)
  2 naga sharpshooters (Snake:1)
  A vampire mage (D:15)
  A shock serpent (Snake:1)
  14 spriggans (Lair:5)
  A skyshark (Lair:4)
  2 skeletal warriors (D:15)
  A storm dragon skeleton (D:15)
  A bog body (Lair:2)
  2 sea snakes (Snake:1)
  A deep elf archer (D:13)
  2 arcanists
  A naga ritualist (Snake:2)
  A lindwurm (Lair:5)
  A necromancer (D:15)
  9 orc knights
  A deep elf zephyrmancer (Orc:1)
  3 deep elf pyromancers
  2 cyclopes
  12 ugly things
  A salamander (Snake:1)
  An orc sorcerer (D:13)
  2 manticores
  3 ice statues (IceCv)
  7 elephants
  2 naga magi (Snake:1)
  Joseph (D:10)
  12 black mambas
  9 cane toads
  4 gargoyles
  3 torpor snails
  An efreet (D:14)
  2 rime drakes
  10 komodo dragons
  A yaktaur (D:13)
  A tengu conjurer (D:13)
  8 trolls
  6 polar bears (Lair:5)
  A raiju (shapeshifter) (D:13)
  4 blink frogs (Lair:5)
  6 hornets (Lair:5)
  5 dream sheep
  25 slime creatures
  3 wyverns
  4 wraiths
  A spriggan (shapeshifter) (D:15)
  A water elemental (D:14)
  A vampire (D:9)
  A human (D:13)
  2 basilisks
  3 fire elementals (Orc:1)
  Grum (D:8)
  37 yaks
  2 steam dragons
  11 vampire mosquitoes
  A warg (D:15)
  9 nagas
  2 acid dragons
  A hell hound (Orc:1)
  15 water moccasins
  41 orc warriors
  2 ice beasts (D:7)
  A swamp drake (Orc:1)
  5 great orb of eyes simulacra (IceCv)
  A sky beast (D:7)
  41 wolves
  9 ogres
  3 black bears
  A tengu (shapeshifter) (D:15)
  3 boggarts (Lair:5)
  3 slime creature simulacra (IceCv)
  A phantom (D:6)
  8 centaurs
  3 kobold brigands
  2 gnoll sergeants
  A weeping skull (D:14)
  13 bullfrogs
  5 scorpions
  2 elf skeletons (D:7)
  2 wyvern zombies (D:6)
  2 glowing shapeshifter simulacra (IceCv)
  A water moccasin skeleton (D:6)
  14 killer bees
  9 howler monkeys
  4 bullfrog zombies (D:6)
  10 electric eels
  A crimson imp (Orc:1)
  A howler monkey (shapeshifter) (D:15)
  A bombardier beetle (D:5)
  2 centaur zombies (D:6)
  22 jellies
  2 quasits (D:4)
  An iron imp (Orc:1)
  5 hounds
  2 gnoll boudas
  21 orc priests
  3 human skeletons (D:7)
  An iguana (D:3)
  2 hell rats (D:10)
  29 orc wizards
  A shapeshifter simulacrum (IceCv)
  2 killer bee zombies (D:6)
  A howler monkey zombie (D:6)
  19 gnolls
  5 adders
  2 river rats
  2 shadow imps
  6 white imps
  6 ufetubi
  2 dart slugs
  74 orcs
  6 ball pythons
  18 endoplasms
  2 giant cockroaches (D:1)
  13 goblins
  15 hobgoblins
  4 jackals (D:4)
  3 quokkas
  6 bats
  5 frilled lizards
  31 kobolds
  An orc skeleton (D:7)
  6 rats
  A spectral orc (D:14)
843 creatures vanquished.

Vanquished Creatures (collateral kills)
  An azure jelly (IceCv)
  3 slime creatures (IceCv)
4 creatures vanquished.

Vanquished Creatures (others)
  An orc (D:10)
1 creature vanquished.

Grand Total: 848 creatures vanquished

Notes
Turn   | Place    | Note
-------+----------+-------------------------------------------
     0 | D:1      | jasper the Vampire Berserker began the quest for the Orb.
     0 | D:1      | Reached XP level 1. HP: 17/17 MP: 1/1
   242 | D:1      | Reached skill level 3 in Axes
   276 | D:1      | Reached XP level 2. HP: 21/23 MP: 2/2
   914 | D:2      | Found an ancient bone altar of Kikubaaqudgha.
   956 | D:2      | Reached ** piety under Trog
  1188 | D:2      | Gained mutation: You are afflicted with vampirism and can
                  | become a bat while bloodless. [Vampire growth]
  1188 | D:2      | Reached XP level 3. HP: 28/28 MP: 3/3
  1205 | D:2      | Reached skill level 4 in Axes
  1649 | D:3      | Reached XP level 4. HP: 29/34 MP: 4/4
  1915 | D:3      | Found a basalt altar of Yredelemnul.
  2369 | D:3      | Reached skill level 5 in Axes
  2521 | D:3      | Found a snail-covered altar of Cheibriados.
  2521 | D:3      | Found a radiant altar of Vehumet.
  2521 | D:3      | Found an iron altar of Okawaru.
  2521 | D:3      | Found a burning altar of Makhleb.
  2521 | D:3      | Found a snail-covered altar of Cheibriados.
  2536 | D:3      | Reached XP level 5. HP: 39/39 MP: 5/5
  2549 | D:3      | Reached skill level 6 in Axes
  2706 | D:4      | Reached XP level 6. HP: 46/46 MP: 6/6
  2845 | D:4      | Found a stormy altar of Qazlal.
  2901 | D:4      | Reached *** piety under Trog
  3201 | D:4      | Reached XP level 7. HP: 52/52 MP: 7/7
  3293 | D:4      | Found a sacrificial altar of Ru.
  3716 | D:5      | Entered Level 5 of the Dungeon
  3848 | D:5      | Reached XP level 8. HP: 55/61 MP: 8/8
  4002 | D:5      | Found a sparkling altar of Nemelex Xobeh.
  4230 | D:5      | Reached skill level 5 in Dodging
  4314 | D:6      | You are sucked into a shaft and drop 1 floor!
  4510 | D:6      | Reached skill level 5 in Fighting
  4854 | D:6      | Found a staircase to the Ecumenical Temple.
  4914 | D:6      | Reached **** piety under Trog
  4919 | D:6      | Reached XP level 9. HP: 67/69 MP: 9/9
  4946 | D:6      | Reached skill level 5 in Armour
  5693 | D:7      | Found Moqecub's Magic Scroll Shoppe.
  5709 | D:7      | Bought a scroll of summoning for 133 gold pieces
  5709 | D:7      | Bought a scroll of fog for 56 gold pieces
  5921 | D:7      | Found Pal Ruto's Assorted Antiques.
  6070 | D:7      | Found Ygyteib's Hydra Hut.
  6072 | D:7      | Found Muoloxzumm's Book Shop.
  6075 | D:7      | Noticed an eight-headed hydra
  6559 | D:8      | Found a blossoming altar of Fedhas.
  6570 | D:8      | Noticed Grum
  6584 | D:8      | Reached skill level 7 in Axes
  6590 | D:8      | Killed Grum
  6605 | D:8      | Reached XP level 10. HP: 64/79 MP: 10/10
  6778 | D:8      | Noticed a two-headed ogre
  6796 | D:8      | Killed a two-headed ogre
  6797 | D:8      | Reached skill level 8 in Axes
  7003 | D:8      | Reached skill level 9 in Axes
  7104 | D:8      | Reached ***** piety under Trog
  7268 | D:8      | Found a runed translucent door.
  7268 | D:8      | Noticed dchavez06's ghost (novice HOMo)
  7675 | D:9      | Found Nomuwam's Antique Weapon Shop.
  7811 | D:9      | Found a flagged portal.
  7817 | D:9      | Noticed a two-headed ogre
  7820 | Bailey   | Entered a bailey
  7882 | Bailey   | Reached skill level 10 in Axes
  8036 | Bailey   | Noticed an orc high priest
  8038 | Bailey   | Noticed an orange demon
  8268 | Bailey   | Killed an orc high priest
  8269 | Bailey   | Reached skill level 11 in Axes
  8310 | Bailey   | Acquired a manual of Armour
  8312 | Bailey   | Acquired the +8 plate armour of Indemnity {Dex+6}
  8419 | Bailey   | Noticed an orc high priest
  8421 | Bailey   | Noticed an orc knight
  8438 | Bailey   | Killed an orc high priest
  8439 | Bailey   | Reached XP level 11. HP: 84/84 MP: 11/11
  8473 | Bailey   | Found an iron altar of Okawaru.
  8496 | Bailey   | Killed an orc knight
  8690 | D:9      | Killed a two-headed ogre
  8765 | D:9      | Noticed a centaur warrior
  8780 | D:9      | Killed a centaur warrior
  8781 | D:9      | Reached skill level 12 in Axes
  8870 | D:9      | Identified the +3 leather armour "Ovih" {+Blink rElec Dex-2
                  | Slay+5}
  8960 | D:9      | Received a gift from Trog
  9327 | D:10     | Entered Level 10 of the Dungeon
  9327 | D:10     | Noticed a death yak
  9327 | D:10     | Found a staircase to the Lair.
  9329 | D:10     | Noticed a death yak
  9331 | D:10     | Noticed a death yak
  9339 | D:9      | Killed a death yak
  9340 | D:9      | Reached skill level 13 in Axes
  9387 | D:10     | Noticed Joseph
  9401 | D:10     | Killed Joseph
  9484 | D:10     | Killed a death yak
  9495 | D:10     | Killed a death yak
  9745 | D:10     | Reached skill level 14 in Axes
  9766 | D:10     | Identified the +3 ring mail of Parlour Games {Rampage rC-
                  | Int+6}
  9772 | D:10     | Noticed a two-headed ogre
  9780 | D:10     | Killed a two-headed ogre
  9793 | D:10     | Noticed Gastronok
  9807 | D:10     | Killed Gastronok
  9808 | D:10     | Reached XP level 12. HP: 84/91 MP: 12/12
 11023 | Lair:1   | Entered Level 1 of the Lair of Beasts
 11214 | Lair:1   | Identified the +3 sling of Suang {flame, rF++ Int+3}
 11718 | Lair:1   | Reached skill level 15 in Axes
 11737 | Lair:1   | Received a gift from Trog
 12133 | Lair:2   | Noticed a death yak
 12150 | Lair:2   | Killed a death yak
 12306 | Lair:2   | Reached ****** piety under Trog
 12420 | Lair:2   | Found a staircase to the Swamp.
 12541 | Lair:2   | Found a staircase to the Snake Pit.
 13007 | Lair:3   | Reached XP level 13. HP: 74/99 MP: 13/13
 13749 | Lair:4   | Found a bloodstained altar of Trog.
 13749 | Lair:4   | Noticed Odimp's ghost (journeyman KoWn)
 13753 | Lair:4   | Found a transporter.
 13783 | Lair:4   | Reached skill level 10 in Dodging
 13791 | Lair:4   | Found a transporter.
 13831 | Lair:4   | You are sucked into a shaft and drop 1 floor!
 13831 | Lair:5   | Entered Level 5 of the Lair of Beasts
 14175 | Lair:4   | Found a runed translucent door.
 14175 | Lair:4   | Found a viscous altar of Jiyva.
 14176 | Lair:4   | Found a staircase to the Slime Pits.
 14176 | Lair:4   | Noticed an acid blob
 14416 | D:12     | Reached skill level 16 in Axes
 14696 | D:12     | Received a gift from Trog
 14725 | D:12     | Found a staircase to the Orcish Mines.
 15216 | Orc:1    | Entered Level 1 of the Orcish Mines
 15268 | Orc:1    | Noticed an orc warlord
 15289 | Orc:1    | Killed an orc warlord
 15736 | Orc:1    | Found a frozen archway.
 15746 | IceCv    | Entered an ice cave
 15780 | IceCv    | Noticed a quicksilver ooze
 15794 | IceCv    | Killed a quicksilver ooze
 15916 | IceCv    | Noticed a quicksilver ooze
 15928 | IceCv    | Killed a quicksilver ooze
 16678 | IceCv    | Noticed an azure jelly
 16679 | IceCv    | Found a viscous altar of Jiyva.
 16687 | IceCv    | Killed an azure jelly
 16691 | IceCv    | Reached skill level 10 in Armour
 16755 | IceCv    | Found the +8 frozen axe "Frostbite" {freeze, freezing
                  | cloud, *Noise Fly rC+}
 16767 | IceCv    | Got the ring "Rikiut" {rC+ Will- Int+4}
 16780 | IceCv    | Identified the +7 lajatang "Atoop" {freeze, Str+7}
 16887 | Orc:2    | Entered Level 2 of the Orcish Mines
 16887 | Orc:2    | Noticed Azrael
 17081 | Orc:1    | Received a gift from Trog
 17088 | Orc:1    | Killed Azrael
 17212 | Orc:2    | Found a staircase to the Elven Halls.
 17222 | Orc:2    | Reached XP level 14. HP: 108/108 MP: 14/14
 18355 | Orc:2    | Received a gift from Trog
 18360 | Orc:2    | Reached skill level 17 in Axes
 18479 | Orc:2    | Reached skill level 10 in Fighting
 18745 | Orc:2    | Found Pyestyt's Distillery.
 18748 | Orc:2    | Found Vuketem's Jewellery Shoppe.
 18749 | Orc:2    | Found Cativvit's General Store.
 18750 | Orc:2    | Found Zofeammuesi's Weapon Emporium.
 18753 | Orc:2    | Bought a scroll of fog for 52 gold pieces
 18757 | Orc:2    | Bought 2 potions of heal wounds for 110 gold pieces
 18757 | Orc:2    | Bought a potion of heal wounds for 55 gold pieces
 18757 | Orc:2    | Bought 2 potions of enlightenment for 110 gold pieces
 18757 | Orc:2    | Bought a potion of curing for 33 gold pieces
 18757 | Orc:2    | Bought a potion of curing for 33 gold pieces
 18757 | Orc:2    | Bought a potion of curing for 33 gold pieces
 19452 | Lair:5   | Reached skill level 18 in Axes
 19536 | Lair:5   | Reached skill level 1 in Throwing
 19636 | Lair:5   | Received a gift from Trog
 19977 | Lair:5   | Reached skill level 5 in Throwing
 19979 | Lair:5   | Reached XP level 15. HP: 98/115 MP: 15/15
 20124 | Lair:5   | Found the +3 giant club "Skullcrusher" {speed, Str+7}
 20749 | Lair:5   | Received a gift from Trog
 22243 | D:13     | Found a gate to the Vaults.
 22634 | D:14     | Reached skill level 19 in Axes
 23210 | D:14     | Identified the +3 scale mail "Xuewelic" {Will+}
 23338 | D:14     | Found a basalt altar of Yredelemnul.
 23571 | D:15     | Entered Level 15 of the Dungeon
 23742 | D:15     | Found a staircase to the Depths.
 24003 | D:15     | Reached XP level 16. HP: 100/125 MP: 16/16
 24074 | D:15     | Received a gift from Trog
 24858 | Snake:1  | Entered Level 1 of the Snake Pit
 25623 | Snake:1  | Found a runed translucent gate.
 25625 | Snake:1  | Found a runed translucent gate.
 25625 | Snake:1  | Found a runed translucent gate.
 25626 | Snake:1  | Noticed Bobbunny's ghost (journeyman DgSh)
 26096 | Snake:2  | HP: 5/126 [naga/+2 heavy trident (14)]
 26097 | Snake:2  | Slain by a naga

Illustrated notes

Levels and vault maps discovered:
D:1:      dpeg_arrival_castle, layout_loops_ring
D:2:      layout_rooms, basic_altar, kennysheep_minor_cross
D:3:      cheibrodos_fertilizer, layout_basic, nicolae_overflow_hidden_temple,
          serial_bayou_pond_e
D:4:      layout_basic, grunt_qazlal_sundering, hangedman_ru_absence,
          serial_demonic, serial_demonic_g, serial_demonic_b, serial_demonic_a,
          serial_demonic_c, serial_demonic_e, serial_demonic_g,
          serial_demonic_a, serial_demonic_e, minmay_misc_feat_secret_circle,
          chequers_serial_rivers_large_a
D:5:      layout_rooms, kennysheep_mini_moat, nicolae_zen_rock_garden,
          corexii_checkpoint
D:6:      layout_loops_ring, minmay_temple_entry_tees, serial_undead,
          serial_undead_e, serial_undead_d, serial_undead_f, serial_undead_b
D:7:      layout_gridville, serial_shops, nicolae_shop_window_shopping, shop,
          nicolae_shop_window_shopping, nicolae_ossuary_entry_catacombs,
          nicolae_benzene_ring, doesnt_shop_hydraphobe
D:8:      nicolae_whirlpool, layout_loops_ring, fedhas_ov_isle_minmay,
          hellmonk_ghost_big_iron, nicolae_two_hexagons, st_stairs_13, uniq_grum
D:9:      layout_cave_pools, enter_bailey_8, serial_shops,
          nicolae_shop_temple_entry_statues_fountains, lightli_fourway_metalbox
D:10:     layout_basic, dpeg_lair_monsters, uniq_gastronok, uniq_joseph
D:11:     layout_loops_ring
D:12:     layout_basic, orc_0_dummy, lemuel_old_faithful
D:13:     layout_small_grid, grunt_vaults_entry_fortified
D:14:     layout_long_grid, kennysheep_path_1,
          yredelemnul_forgotten_temple_becter
D:15:     gammafunk_depths_entry_grave, layout_basic, minmay_librarian
Lair:1:   lemuel_slime, layout_hall_layers
Lair:2:   layout_chaotic_city, skrybe_swamp_entry_bodies,
          nicolae_snake_entry_squirm
Lair:3:   layout_chaotic_city, basic_altar
Lair:4:   layout_roguey, slime_entry_2, gammafunk_ghost_wrathful_warriors
Lair:5:   minmay_lair_end_enchanted_forest, layout_regular_city, serial_rivers,
          chequers_serial_rivers_small_a, chequers_serial_rivers_room_a,
          chequers_serial_rivers_micro_b, chequers_serial_rivers_micro_a,
          nicolae_lair_time_for_slime
Snake:1:  layout_onion_interference, serial_bayou, serial_bayou_pond_e,
          serial_bayou_lagoon_a, serial_bayou_shore_b, serial_bayou_crossing,
          ebering_ghost_rock_garden
Snake:2:  layout_basic, ebering_ghost_gozag, basic_altar, uniq_louise
Orc:1:    layout_diamond_mine, portal_ice_cave_entry_pillars_2,
          regret_index_minedec_shroomtown_chain, hangedman_minor_magic
Orc:2:    st_orc_pillars, layout_diamond_mine, nicolae_orc_minecarts,
          uniq_azrael

Skill      XL: |  1  2  3  4  5  6  7  8  9 10 11 12 13 14 15 |
---------------+----------------------------------------------+-----
Axes           | 3 4 5 6 7 11 14 15 16 18 19 | 19.6
Fighting       | 3 4 5 7 8 9 10 11 | 11.4
Armour         | 2 3 4 6 8 10 12 | 12.7
Dodging        | 3 4 6 8 9 10 11 12 | 12.9
Throwing       | 5 |  5.0

Action                     |  1- 3 |  4- 6 |  7- 9 | 10-12 | 13-15 | 16-18 || total
---------------------------+-------+-------+-------+-------+-------+-------++-------
  Melee: Hand axe          |   106 |   247 |   603 |   172 |       |       ||  1128
         Bite              |     8 |    26 |    73 |   107 |   156 |    27 ||   397
         Punch             |       |     1 |     9 |     3 |       |       ||    13
         War axe           |       |       |       |   169 |       |       ||   169
         Battleaxe         |       |       |       |   396 |   507 |       ||   903
         Executioner's axe |       |       |       |       |   498 |   129 ||   627
         Morningstar       |       |       |       |       |    37 |     6 ||    43
  Throw: Stone             |     1 |       |     1 |       |     5 |     1 ||     8
         Throwing net      |       |       |       |       |     1 |       ||     1
         Boomerang         |       |       |       |       |       |     2 ||     2
 Invoke: Trog's Hand       |     1 |       |     1 |     2 |     4 |     1 ||     9
         Berserk           |       |     4 |     3 |     9 |     6 |       ||    22
         Brothers in Arms  |       |       |       |       |     2 |       ||     2
  Evoke: Wand              |       |       |       |    37 |     2 |       ||    39
    Use: Scroll            |     6 |     7 |    11 |    10 |     6 |       ||    40
         Potion            |       |       |       |       |       |     3 ||     3
   Stab: Sleeping          |     1 |       |       |       |       |       ||     1
         Petrified         |       |       |       |       |     4 |       ||     4
         Distracted        |       |       |       |       |     1 |       ||     1
 Armour: Animal skin       |    28 |       |       |       |       |       ||    28
         Chain mail        |    67 |   250 |   509 |   183 |       |       ||  1009
         Plate armour      |       |       |       |   506 |  1002 |   124 ||  1632
  Dodge: Dodged            |    68 |   155 |   397 |   548 |   787 |    99 ||  2054
  Block: Other             |       |       |       |       |       |    21 ||    21
         Reflection        |       |       |       |       |       |     5 ||     5
